 Dungeon Crawl Stone Soup version 0.22.1-2-g9c5b331 (webtiles) character file.

818 Lauz the Slasher (level 7, -7/52 HPs)
             Began as a Demonspawn Gladiator on Dec 3, 2018.
             Mangled by an ogre
             ... wielding a +0 giant club
              (12 damage)
             ... on level 5 of the Dungeon.
             The game lasted 00:18:20 (7049 turns).

Lauz the Slasher (Demonspawn Gladiator)             Turns: 7049, Time: 00:18:20

Health: -7/52      AC:  9    Str: 21    XL:     7   Next: 62%
Magic:  7/7        EV: 11    Int: 10    God:
Gold:   184        SH:  0    Dex: 14    Spells: 6/6 levels left

rFire    . . .     SeeInvis .   a - +0 long sword
rCold    . . .     Gourm    .   (no shield)
rNeg     . . .     Faith    .   n - +0 scale mail
rPois    .         Spirit   .   c - +1 helmet
rElec    .         Reflect  .   (no cloak)
rCorr    .         Harm     .   (no gloves)
MR       .....                  k - +0 pair of boots
Stlth    ..........             (no amulet)
HPRegen  0.17/turn              x - ring of flight
MPRegen  0.10/turn              (no ring)

@: mighty
A: claws 2, powered by death 1, sturdy frame 1
a: Evoke Flight


You were on level 5 of the Dungeon.
You were not hungry.

You visited 1 branch of the dungeon, and saw 5 of its levels.

You collected 184 gold pieces.

Inventory:

Hand Weapons
 a - a +0 long sword (weapon)
 v - a +0 blowgun
Missiles
 d - a throwing net (quivered)
 t - 3 poisoned needles
 y - 3 needles of sleeping
Armour
 b - a +0 leather armour
 c - a +1 helmet (worn)
 j - a +0 pair of gloves
 k - a +0 pair of boots (worn)
 n - a +0 scale mail (worn)
 u - a +0 shield
Jewellery
 x - a ring of flight (left claw)
Scrolls
 e - a scroll of fear
 g - 4 scrolls of identify
 h - 7 scrolls of remove curse {unknown}
 l - a scroll of noise {unknown}
 m - a scroll of amnesia {unknown}
 o - a scroll of teleportation {unknown}
 s - 3 scrolls of magic mapping {unknown}
Potions
 i - 5 potions of degeneration
 q - 2 potions of heal wounds
 w - a potion of agility
 z - 2 potions of lignification
 A - a potion of haste
Comestibles
 f - 11 rations


   Skills:
 + Level 3.4 Fighting
 * Level 7.3 Long Blades
 - Level 1.7 Throwing
 + Level 2.7 Armour
 - Level 2.6 Dodging


You had 6 spell levels left.
You didn't know any spells.
Your spell library was empty.

Dungeon Overview and Level Annotations

Branches:
Dungeon (5/15)
 Temple: D:4-7

Altars:
Hepliaklqana
Okawaru


Innate Abilities, Weirdness & Mutations

You have very sharp fingernails.
You regenerate a little health from kills.
Your movements are slightly less encumbered by armour. (ER -2)


Message History

You hit the ogre.
The ogre is heavily wounded.
The ogre hits you with a giant club!
You feel very mighty all of a sudden.
You slash the ogre!
The ogre is severely wounded.
The ogre hits you but does no damage.
The crimson imp hits you but does no damage.
You barely miss the ogre.
The ogre is severely wounded.
The ogre hits you with a giant club!
* * * LOW HITPOINT WARNING * * *
The crimson imp hits you but does no damage.
You barely miss the ogre.
The ogre is severely wounded.
The ogre hits you but does no damage. The crimson imp barely misses you.
You hit the ogre.
The ogre is almost dead.
The crimson imp blinks!
The ogre hits you with a giant club!
You die...

##.##...# #
####..###..#
#
#......###.
# #......#
##......#
####
#...#####
..$###.###
#O.##.#
#@#..#
#.ยง.##
#####


You could see an ogre.

Vanquished Creatures
  A sky beast (D:5)
  An ogre (D:4)
  A scorpion (D:5)
  3 hounds
  2 orc priests
  A gnoll shaman (D:4)
  2 iguanas (D:4)
  2 orc wizards (D:3)
  3 worker ants (D:4)
  5 gnolls
  7 adders
  A shadow imp (D:5)
  An ooze (D:2)
  3 worms
  2 dart slugs (D:1)
  2 leopard geckos
  17 orcs
  4 giant cockroaches
  2 hobgoblins (D:3)
  3 jackals (D:1)
  5 kobolds
  2 ball pythons
  4 bats
  4 frilled lizards
  12 goblins
  A jackal skeleton (D:4)
  16 rats
107 creatures vanquished.

Notes
Turn   | Place    | Note
-------+----------+-------------------------------------------
     0 | D:1      | Lauz the Demonspawn Gladiator began the quest for the Orb.
     0 | D:1      | Reached XP level 1. HP: 16/16 MP: 1/1
    95 | D:1      | Reached skill level 3 in Long Blades
   167 | D:1      | Gained mutation: You regenerate a little health from kills.
                  | [demonic ancestry]
   167 | D:1      | Reached XP level 2. HP: 17/22 MP: 2/2
   791 | D:2      | Gained mutation: You have sharp fingernails. [demonic
                  | ancestry]
   791 | D:2      | Reached XP level 3. HP: 23/27 MP: 3/3
   800 | D:2      | HP: 1/27 [worm (10)]
  1112 | D:2      | Found an iron altar of Okawaru.
  1159 | D:2      | Reached skill level 4 in Long Blades
  1227 | D:2      | Found a faded altar of an unknown god.
  1336 | D:2      | Found a hazy altar of Hepliaklqana.
  2067 | D:3      | Reached XP level 4. HP: 33/33 MP: 4/4
  2623 | D:3      | Reached XP level 5. HP: 37/39 MP: 5/5
  2903 | D:3      | Reached skill level 5 in Long Blades
  3456 | D:3      | Reached skill level 1 in Armour
  4032 | D:4      | Gained mutation: You have very sharp fingernails. [demonic
                  | ancestry]
  4032 | D:4      | Reached XP level 6. HP: 44/46 MP: 6/6
  4169 | D:3      | Reached skill level 6 in Long Blades
  5702 | D:4      | Gained mutation: Your movements are slightly less
                  | encumbered by armour. (ER -2) [demonic ancestry]
  5702 | D:4      | Reached XP level 7. HP: 52/52 MP: 7/7
  5801 | D:5      | Entered Level 5 of the Dungeon
  6539 | D:5      | Reached skill level 7 in Long Blades
  7049 | D:5      | Mangled by an ogre

Skill      XL: |  1  2  3  4  5  6  7 |
---------------+----------------------+-----
Long Blades    | 3 4 5 6 7 |  7.3
Armour         | 1 2 |  2.7
Fighting       | 3 |  3.4
Throwing       | |  1.7
Dodging        | |  2.6

Action                   |  1- 3 |  4- 6 |  7- 9 || total
-------------------------+-------+-------+-------++-------
Melee: Long sword        |   139 |   231 |    57 ||   427
 Fire: Blowgun           |       |     3 |     7 ||    10
Throw: Throwing net      |       |     2 |       ||     2
  Use: Potion            |       |     4 |     2 ||     6
       Scroll            |       |     9 |       ||     9
 Stab: Sleeping          |     1 |       |       ||     1
  Eat: Chunk             |     3 |     9 |     1 ||    13
       Ration            |       |     1 |     1 ||     2
Armor: Leather armour    |    47 |    10 |       ||    57
       Scale mail        |       |    91 |    23 ||   114
Dodge: Dodged            |    83 |   128 |    18 ||   229
       Rpst.: Long sword |    27 |    35 |     6 ||    68
